 Dungeon Crawl Stone Soup version 0.31-a0-692-gf03d1854d5 (webtiles) character file.

Game seed: 12239324190046415230

775 qw the Skirmisher (level 7, -1/44 HPs)
             Began as a Gargoyle Hunter on Sept 6, 2023.
             Slain by a two-headed ogre
             ... wielding a +0 giant spiked club
              (10 damage)
             ... on level 6 of the Dungeon.
             The game lasted 00:01:18 (4117 turns).

qw the Skirmisher (Gargoyle Hunter)                 Turns: 4117, Time: 00:01:18

Health: -1/44      AC: 18    Str: 14    XL:     7   Next: 84%
Magic:  7/7        EV: 11    Int: 10    God:
Gold:   148        SH:  0    Dex: 17    Spells: 6/6 levels left

rFire   . . .        Y - +0 shortbow
rCold   . . .        (shield currently unavailable)
rNeg    + . .        k - +0 ring mail
rPois   inf          (no helmet)
rElec   +            (no cloak)
rCorr   .            c - +3 pair of gauntlets of War {Slay+5}
SInv    .            (no boots)
Will    .....        (no amulet)
Stlth   ++           a - +4 ring of protection
HPRegen 0.27/turn    (no ring)
MPRegen 0.10/turn

%: no passive effects
@: no status effects
A: sickness immunity, AC +4, negative energy resistance 1, electricity
resistance, torment resistance 1, petrification resistance, thin skeletal
structure 1, MP-powered wands
a: no special abilities


You were on level 6 of the Dungeon.
You visited 2 branches of the dungeon, and saw 7 of its levels.

You collected 174 gold pieces.
You spent 26 gold pieces at shops.


Innate Abilities, Weirdness & Mutations

You are immune to sickness and miasma.
Your stone body is resilient. (AC +4)
You are immune to poison.
You resist negative energy. (rN+)
You are resistant to electric shocks. (rElec)
You are resistant to unholy torment.
You are immune to petrification.
You have a somewhat thin skeletal structure. (Dex +2, Stealth+)
You expend magic power (3 MP) to strengthen your wands.


   Skills:
 + Level 4.8 Fighting
 - Level 8.2 Ranged Weapons
 - Level 1.1 Armour
 - Level 2.0 Dodging
 - Level 1.1 Stealth


You had 6 spell levels left.
You didn't know any spells.
Your spell library was empty.

Inventory:

Hand Weapons
 Y - a +0 shortbow (weapon)
Armour
 c - the +3 pair of gauntlets of War (worn) {Slay+5}
   (You acquired it on level 1 of the Dungeon)

   Slay+5:    It affects your accuracy & damage with ranged weapons and melee
   (+5).
 k - a +0 ring mail (worn)
Jewellery
 a - a +4 ring of protection (left hand)
Scrolls
 b - 2 scrolls of identify
Potions
 e - a potion of heal wounds
 f - a potion of might
 g - 2 potions of mutation

Dungeon Overview and Level Annotations

Branches:
Dungeon (6/15)             Temple (1/1) D:5

Altars:
Cheibriados
Dithmenos
Gozag
Makhleb
Ru
Sif Muna
Uskayaw
Vehumet
Wu Jian
Yredelemnul
The Shining One

Shops:
D:2 ?


Message History

Done exploring.
What level of the Dungeon? (default 5, ? - help)
There is a stone staircase leading down here.
You climb downwards.
There is a stone staircase leading up here.
Waypoint 6 assigned to D:6.
There is a stone staircase leading up here.
Found 5 poisoned darts.
Found a shimmering blue altar of Sif Muna.
Found a wand of flame (11).
You now have 148 gold pieces (gained 5).
A two-headed ogre comes into view.
It is wielding two +0 giant spiked clubs.
A two-headed ogre is nearby!
A two-headed ogre is nearby!
You open the door. You shoot an arrow.
The arrow hits the two-headed ogre but does no damage.
You shoot an arrow. The arrow hits the two-headed ogre.
The two-headed ogre is lightly wounded.
You shoot an arrow. The arrow hits the two-headed ogre!
The two-headed ogre is lightly wounded.
You shoot an arrow. The arrow hits the two-headed ogre!
The two-headed ogre is moderately wounded.
You shoot an arrow. The arrow hits the two-headed ogre!
The two-headed ogre is heavily wounded.
The two-headed ogre hits you with a +0 giant spiked club! x2
You shoot an arrow. The arrow hits the two-headed ogre.
The two-headed ogre is heavily wounded.
You shoot an arrow.
The arrow barely misses the two-headed ogre.
The two-headed ogre hits you with a +0 giant spiked club!
The two-headed ogre hits you but does no damage.
You shoot an arrow.
The arrow barely misses the two-headed ogre.
The two-headed ogre hits you with a +0 giant spiked club! x2
4117 ||| DRINKING 2 potions of heal wounds.
You feel much better.
The two-headed ogre hits you with a +0 giant spiked club.
The two-headed ogre hits you with a +0 giant spiked club!
You die...

##...###
#.<###
###.## #...#
#.###
#.#####
##....(#
#..###.####
#...@O....#
#.###'###.#
#.#.$...#...
#.#..$..#...
#.#.._..#.#.
#.#.$.$.#...
#/#.$...#..#
#.#######.##
#........


You could see a two-headed ogre.

Vanquished Creatures
  Sigmund (D:3)
  Menkaure (D:4)
  A water moccasin (D:5)
  A black bear (D:4)
  A phantom (D:5)
  2 hounds (D:5)
  2 iguanas
  6 adders
  A worm (D:4)
  4 dart slugs
  10 endoplasms
  10 goblins
  7 hobgoblins
  3 jackals (D:1)
  5 kobolds
  A quokka (D:1)
  5 ball pythons
  6 bats
  2 frilled lizards (D:1)
  10 rats
79 creatures vanquished.

Notes
Turn   | Place    | Note
-------+----------+-------------------------------------------
     0 | D:1      | qw the Gargoyle Hunter began the quest for the Orb.
     0 | D:1      | Reached XP level 1. HP: 12/12 MP: 1/1
     0 | D:1      | 0 ||| qw: Version: 0.3-a-76-g4403597
     0 | D:1      | 0 ||| qw: Game counter: 326
     0 | D:1      | 0 ||| qw: Melee chars always use a shield: true
     0 | D:1      | 0 ||| qw: God list: Okawaru
     0 | D:1      | 0 ||| qw: Allow faded altars: false
     0 | D:1      | 0 ||| qw: Do Orc after clearing Dungeon:15 true
     0 | D:1      | 0 ||| qw: Do second Lair branch before Depths: true
     0 | D:1      | 0 ||| qw: Lair rune preference: random
     0 | D:1      | 0 ||| qw: Goals: Normal
     0 | D:1      | 0 ||| PLANNING D:1-11
    64 | D:1      | Reached XP level 2. HP: 17/17 MP: 2/2
   185 | D:1      | Reached XP level 3. HP: 21/21 MP: 3/3
   247 | D:1      | Reached skill level 5 in Ranged Weapons
   507 | D:1      | 507 ||| UPGRADING to +0 ring mail.
   517 | D:1      | 517 ||| DROPPING +0 leather armour.
   518 | D:1      | 518 ||| READING 2 scrolls labelled LOKENO XIUCRACW.
   519 | D:1      | 519 ||| READING scroll labelled ALUBLU WEEGA.
   519 | D:1      | Identified a scroll of acquirement
   519 | D:1      | 519 ||| ACQUIRING +3 pair of gauntlets of War {Slay+5}
   519 | D:1      | Acquired the +3 pair of gauntlets of War {Slay+5}
   519 | D:1      | Found the +3 pair of gauntlets of War {Slay+5}
   521 | D:1      | 521 ||| UPGRADING to +3 pair of gauntlets of War {Slay+5}.
   526 | D:1      | 526 ||| READING scroll labelled AQOCRA PASCH.
   627 | D:1      | 627 ||| READING scroll labelled CEPSURY OCZO.
   628 | D:1      | 628 ||| READING scroll labelled PINOD DYTZ.
   629 | D:1      | 629 ||| READING scroll labelled LIXORENUEF.
   630 | D:1      | 630 ||| DROPPING scroll of fear.
   631 | D:1      | 631 ||| DROPPING scroll of butterflies.
   715 | D:2      | Reached skill level 1 in Armour
   764 | D:2      | Found an ornate altar of the Wu Jian Council.
  1409 | D:2      | Found Upaduaf's Magic Scroll Shop.
  1412 | D:2      | 1412 ||| SHOPLISTING scroll of brand weapon (123 gold, have
                  | 65).
  1412 | D:2      | 1412 ||| SHOPLISTING scroll of enchant weapon (97 gold,
                  | have 65).
  1412 | D:2      | 1412 ||| BUYING scroll of identify (26 gold).
  1412 | D:2      | Bought a scroll of identify for 26 gold pieces
  1505 | D:2      | 1505 ||| DRINKING 2 metallic black potions.
  1511 | D:2      | 1511 ||| DROPPING potion of ambrosia.
  1616 | D:3      | Reached XP level 4. HP: 27/27 MP: 4/4
  1765 | D:3      | Reached skill level 3 in Fighting
  1794 | D:3      | Found a faded altar of an unknown god.
  1902 | D:3      | Noticed Sigmund
  1920 | D:3      | HP: 3/28 [something (7)]
  1926 | D:3      | Killed Sigmund
  1927 | D:3      | Reached skill level 6 in Ranged Weapons
  1927 | D:3      | Reached XP level 5. HP: 4/32 MP: 5/5
  2063 | D:3      | 2063 ||| Stepping ~*~*~tactically~*~*~ (water).
  2076 | D:3      | Reached XP level 6. HP: 37/37 MP: 6/6
  2408 | D:3      | 2408 ||| DRINKING 3 viscous orange potions.
  2409 | D:3      | 2409 ||| DRINKING 2 brown potions.
  2409 | D:3      | Gained mutation: You expend magic power (3 MP) to
                  | strengthen your wands. [potion of mutation]
  2409 | D:3      | Gained mutation: You have a somewhat thin skeletal
                  | structure. (Dex +2, Stealth+) [potion of mutation]
  2410 | D:3      | 2410 ||| READING 2 scrolls of identify.
  2410 | D:3      | 2410 ||| IDENTIFYING sedimented amethyst potion
  2411 | D:3      | 2411 ||| DROPPING 2 potions of brilliance.
  2412 | D:3      | 2412 ||| DROPPING potion of magic.
  2718 | D:4      | Found a snail-covered altar of Cheibriados.
  2719 | D:4      | 2719 ||| DRINKING 2 glowing clear potions.
  2850 | D:4      | Noticed a black bear
  2856 | D:4      | Killed a black bear
  3254 | D:5      | Entered Level 5 of the Dungeon
  3254 | D:5      | Noticed Menkaure
  3264 | D:5      | 3264 ||| Stepping ~*~*~tactically~*~*~ (retreating).
  3265 | D:5      | 3265 ||| STAIRDANCE
  3269 | D:4      | Killed Menkaure
  3270 | D:4      | Reached skill level 7 in Ranged Weapons
  3270 | D:4      | Reached XP level 7. HP: 15/44 MP: 7/7
  3380 | D:5      | 3380 ||| STAIRDANCE
  3453 | D:5      | 3453 ||| FLEEEEING.
  3454 | D:5      | 3454 ||| FLEEEEING.
  3472 | D:5      | Reached skill level 8 in Ranged Weapons
  3516 | D:5      | Found a staircase to the Ecumenical Temple.
  3517 | D:5      | 3517 ||| PLANNING TEMPLE
  3517 | D:5      | 3517 ||| READING scroll labelled LIODIU QYUSHAN.
  3557 | Temple   | Entered the Ecumenical Temple
  3558 | Temple   | 3558 ||| PLANNING D:1-11
  4032 | D:5      | 4032 ||| UPGRADING to +4 ring of protection.
  4033 | D:5      | 4033 ||| DROPPING +6 ring of intelligence.
  4034 | D:5      | 4034 ||| READING 3 scrolls of identify.
  4034 | D:5      | 4034 ||| IDENTIFYING yellow potion
  4095 | D:6      | Found a shimmering blue altar of Sif Muna.
  4106 | D:6      | Noticed a two-headed ogre
  4116 | D:6      | HP: 9/44 [two-headed ogre/+0 giant spiked club (8)]
  4116 | D:6      | HP: 1/44 [two-headed ogre/+0 giant spiked club (8)]
  4117 | D:6      | 4117 ||| DRINKING 2 potions of heal wounds.
  4117 | D:6      | Slain by a two-headed ogre

Levels and vault maps discovered:
D:1:      dpeg_arrival_ratfight, layout_rooms
D:2:      layout_loops_corners, serial_shops, nicolae_shop_real_fake_doors,
          basic_altar, chequers_serial_rivers_micro_a
D:3:      layout_loops_ring, shapermc_ecumenical_altar_mp_ritualfount,
          serial_bayou_lake_a, uniq_sigmund
D:4:      layout_gridville, cheibrodos_worm_habitat
D:5:      layout_loops_ring, minmay_temple_entry_antechambers,
          minmay_liquid_box, nrook_mini_backslash, minmay_misc_feat_five,
          uniq_menkaure
D:6:      layout_rooms, amcnicky_altar_gilded, nzn_wu_jian_council_hall,
          okawaru_trees_1
Temple:   pf_temple_reverse_labyrinth

Skill      XL: |  1  2  3  4  5  6  7 |
---------------+----------------------+-----
Ranged Weapons | 5 6 7 8 |  8.2
Armour         | 1 |  1.1
Fighting       | 3 4 |  4.8
Dodging        | 2 |  2.0
Stealth        | |  1.1

Action                     |  1- 3 |  4- 6 |  7- 9 || total
---------------------------+-------+-------+-------++-------
   Fire: Shortbow          |   121 |    82 |    53 ||   256
    Use: Scroll            |     6 |     1 |     2 ||     9
         Potion            |     1 |     3 |     1 ||     5
 Armour: Leather armour    |    14 |       |       ||    14
         Ring mail         |    14 |    13 |    39 ||    66
  Dodge: Dodged            |    25 |    10 |    19 ||    54

Table legend:
 A = Non-vault XP
 B = Vault XP
 C = Vault XP percentage of total XP
 D = Non-vault monster count
 E = Vault monster count
 F = Vault count percentage of total count
                 A         B        C        D         E       F
            +---------+---------+-------+---------+---------+-------
      Total |     723 |     385 |  34.7 |      71 |       8 |  10.1
            +---------+---------+-------+---------+---------+-------
        D:1 |      49 |       5 |   9.3 |      29 |       5 |  14.7
        D:2 |      23 |       0 |   0.0 |       6 |       0 |   0.0
        D:3 |      38 |     206 |  84.4 |      15 |       1 |   6.2
        D:4 |     219 |     174 |  44.3 |      14 |       2 |  12.5
        D:5 |     394 |       0 |   0.0 |       7 |       0 |   0.0
            +---------+---------+-------+---------+---------+-------
